 Dungeon Crawl Stone Soup version 0.26-a0-660-gc07710193c (webtiles) character file.

Game seed: 7283915529419265764

9 Borbozo the Magician (level 2, -1/19 HPs)
             Began as a Human Wanderer on Oct 5, 2020.
             Slain by a hobgoblin
             ... wielding a +0 club
              (5 damage)
             ... on level 1 of the Dungeon.
             The game lasted 00:04:38 (483 turns).

Borbozo the Magician (Human Wanderer)                Turns: 483, Time: 00:04:38

Health: -1/19      AC:  2    Str: 12    XL:     2   Next: 25%
Magic:  3/6        EV: 11    Int: 13    God:
Gold:   26         SH:  0    Dex: 11    Spells: 6/7 levels left

rFire    . . .     SeeInvis .   a - +2 dagger
rCold    . . .     Faith    .   (no shield)
rNeg     . . .     Spirit   .   e - +0 robe
rPois    .         Reflect  .   (no helmet)
rElec    .         Harm     .   (no cloak)
rCorr    .         Rampage  .   (no gloves)
MR       .....                  (no boots)
Stlth    ++........             (no amulet)
HPRegen  0.06/turn              (no ring)
MPRegen  0.10/turn              (no ring)

@: no status effects
A: no striking features
a: no special abilities


You were on level 1 of the Dungeon.
You visited 1 branch of the dungeon, and saw 1 of its levels.

You collected 26 gold pieces.

Inventory:

Hand Weapons
 a - a +2 dagger (weapon)
 c - a +0 hand axe
 k - a +0 dagger
Missiles
 f - 26 bolts
 i - 45 stones (quivered)
Armour
 e - a +0 robe (worn)
 j - a cursed +0 robe
Scrolls
 g - a scroll of immolation {unknown}
 h - a scroll of identify {unknown}
Potions
 b - a potion of heal wounds
 d - a potion of curing


   Skills:
   Level 2.0 Staves
 + Level 3.1 Stealth
 + Level 3.4 Spellcasting
   Level 1.0 Translocations
   Level 1.0 Air Magic


You had 6 spell levels left.
You knew the following spells:

 Your Spells              Type           Power        Failure   Level
a - Freeze                Ice            #...         22%         1

Your spell library contained the following spells:

 Spells                   Type           Power        Failure   Level
 Frozen Ramparts          Ice            #.....       54%         3


Dungeon Overview and Level Annotations

Branches:
Dungeon (1/15)

Altars:


Message History

* * * LOW HITPOINT WARNING * * *
You hit the hobgoblin but do no damage.
The hobgoblin is severely wounded.
You barely miss the hobgoblin.
The hobgoblin is severely wounded.
The hobgoblin hits you but does no damage.
You hit the hobgoblin.
The hobgoblin is almost dead.
The hobgoblin hits you but does no damage.
You completely miss the hobgoblin.
The hobgoblin is almost dead.
The hobgoblin closely misses you.
You closely miss the hobgoblin.
The hobgoblin is almost dead.
The hobgoblin hits you with a +0 club.
* * * LOW HITPOINT WARNING * * *
You hit the hobgoblin but do no damage.
The hobgoblin is almost dead.
The hobgoblin hits you with a +0 club.
You die...

##...###.#
### #..
#.##.. # ##
#.#.###.#
###........
#.......#.#
#.#.#.#..#
#........#
##.#.#.#..#
#.@.......#
#g.#.#.#..#
#.........#
#.........#
###########


You could see a hobgoblin.

Vanquished Creatures
  A dart slug (D:1)
  2 goblins (D:1)
  2 bats (D:1)
  2 kobolds (D:1)
7 creatures vanquished.

Notes
Turn   | Place    | Note
-------+----------+-------------------------------------------
     0 | D:1      | Borbozo the Human Wanderer began the quest for the Orb.
     0 | D:1      | Borbozo set off with the following items: a +2 dagger, a
                  | potion of heal wounds, a potion of curing, a +0 robe; and
                  | the following spell memorised: Freeze; and the following
                  | spells available to memorise: Frozen Ramparts
     0 | D:1      | Reached XP level 1. HP: 13/13 MP: 4/4
   325 | D:1      | Reached XP level 2. HP: 13/19 MP: 0/6
   483 | D:1      | Slain by a hobgoblin

Illustrated notes

Levels and vault maps discovered:
D:1:      dpeg_arrival_oval, layout_loops_ring, serial_glass, glass_columns_b,
          glass_columns_b

Action                   || total
-------------------------++-------
Melee: Dagger            ||    27
 Cast: Freeze            ||    11
 Stab: Sleeping          ||     1
Armor: Robe              ||    10
Dodge: Dodged            ||    20

Table legend: (Time is in decaauts)
 A = Elapsed time spent in this place.
 B = Non-inter-level travel time spent in this place.
 C = Inter-level travel time spent in this place.
 D = Time resting spent in this place.
 E = Time spent auto-exploring this place.
 F = Levels seen in this place.
 G = Mean time per level.
                   A        B        C        D        E       F      G
               +--------+--------+--------+--------+--------+-----+--------+
         Total |    483 |    483 |      0 |    155 |      0 |   1 |  483.0 |
       Dungeon |    483 |    483 |      0 |    155 |      0 |   1 |  483.0 |
               +--------+--------+--------+--------+--------+-----+--------+

Top non-repeatable levels by time:
     D:1: 483 daAuts
